 Dungeon Crawl Stone Soup version 0.20-a0-201-g851c6fa (webtiles) character file.

463 patrickswayze the Covert (level 6, -9/36 HPs)
             Began as a Deep Elf Chaos Knight on Nov 25, 2016.
             Shot with an arrow by a centaur (10 damage)
             ... on level 5 of the Dungeon.
             The game lasted 00:08:29 (5284 turns).

patrickswayze the Covert (Deep Elf Chaos Knight)    Turns: 5284, Time: 00:08:31

Health: -9/36      AC:  7    Str:  8 (9)  XL:     6   Next: 79%
Magic:  10/10      EV: 18    Int: 14 (17) God:    Xom [..*...]
Gold:   197        SH:  4    Dex: 21      Spells: 5/5 levels left

rFire  + . .     SeeInvis .     a - +1 short sword (chaos)
rCold  + . .     Gourm    .     x - +2 leather armour
rNeg   . . .     Faith    .     (no shield)
rPois  +         Spirit   .     (no helmet)
rElec  +         Reflect  .     m - +0 cloak {MR+}
rCorr  +         Harm     .     e - +0 pair of gloves
MR     +....     Clarity  +     (no boots)
Stlth  +++++.....               h - amulet of rage
                                (no ring)
                                d - ring of poison resistance

@: agile, resistant, radiating poison
A: large bone plates 1, clarity
a: Renounce Religion, Evoke Berserk Rage


You were on level 5 of the Dungeon.
You worshipped Xom.
You were a toy of Xom.
You were not hungry.

You visited 1 branch of the dungeon, and saw 5 of its levels.

You collected 197 gold pieces.


Innate Abilities, Weirdness & Mutations

You are partially covered in large bone plates. (SH +4)
You possess an exceptional clarity of mind.


   Skills:
 - Level 2.4 Fighting
 - Level 3.0 Short Blades
 - Level 0.7 Armour
 - Level 2.4 Dodging
 - Level 8.1 Stealth
 + Level 0.0 Shields
 - Level 3.4 Evocations


You had 5 spell levels left.
You didn't know any spells.

Inventory:

Hand Weapons
 a - a +1 short sword of chaos (weapon)
 b - a +0 blowgun
Missiles
 f - 8 curare-tipped needles
 l - 123 stones (quivered)
 y - 21 poisoned needles
Armour
 e - a +0 pair of gloves (worn)
 m - a +0 cloak of magic resistance (worn)
 w - a +0 buckler
 x - a +2 leather armour (worn)
Jewellery
 d - a ring of poison resistance (left hand)
 h - an amulet of rage (around neck)
 p - an uncursed ring of fire
Scrolls
 o - 2 scrolls of enchant weapon
 t - a scroll of recharging {unknown}
 u - a scroll of noise {unknown}
 z - a scroll of immolation {unknown}
 B - a scroll of remove curse
 C - a scroll of blinking
 D - a scroll of teleportation {unknown}
 G - a scroll of fear
Potions
 j - a potion of ambrosia {unknown}
 q - 2 potions of brilliance
 r - 2 potions of might
 s - a potion of curing {unknown}
 v - a potion of heal wounds {unknown}
 F - a potion of lignification {unknown}
Books
 E - a book of Callings

   Spells                             Type                      Level
   a - Summon Small Mammal            Summoning                    1
   b - Call Imp                       Summoning                    2
   c - Call Canine Familiar           Summoning                    3
   d - Summon Guardian Golem          Hexes/Summoning              3
   e - Summon Lightning Spire         Summoning/Air                4
   f - Summon Ice Beast               Ice/Summoning                4
Comestibles
 c - 6 bread rations
 k - 2 meat rations


Message History

Things that are here:
a club; a leather armour It was a potion of cure mutation.
It has a very clean taste.
The horns on your head shrink away.
You feel less energetic.
Xom roars with laughter!
The centaur shoots an arrow.
You block the arrow.
The centaur shoots an arrow.
The arrow hits you.
* * * LOW HITPOINT WARNING * * *
Okay, then.
It was a potion of resistance.
You feel protected.
Xom roars with laughter!
The centaur shoots an arrow.
The arrow barely misses you.
It was a potion of agility.
You feel agile all of a sudden.
Xom guffaws.
You begin to radiate toxic energy.
The centaur shoots an arrow.
The arrow hits you!
You die...
Xom bursts into laughter!

#.....#....##.......#....#.......
#..........##......##...##......#
##.<#....!.##.^....##...##......#
#..........#.......#>............
#.PPPP..#..##..c...#.............
PcPPP....##......#.............
cPP.#.. #.....c##...##......#
PP.....######(###...##......#
P.......#..(@........#......#
#..#....+....).......#......#
#...##............#......+ #...
#(.....##...##......# .....
#########...##......# ......
#............ .......
#............ ..#.... .......
.......


You could see a centaur.

Vanquished Creatures
  A scorpion (D:5)
  The ghost of murphy the Chopper, a weakling MiBe of Trog (D:3)
  A crimson imp (D:5)
  A gnoll shaman (D:5)
  2 orc wizards (D:4)
  Ijyb (D:2)
  Robin (D:3)
  5 gnolls
  4 adders
  An ooze (D:2)
  An adder skeleton (D:4)
  A worm (D:4)
  2 dart slugs
  4 leopard geckos
  5 orcs
  6 bats
  10 giant cockroaches
  17 goblins
  8 hobgoblins
  A jackal (D:2)
  A quokka (D:3)
  A ball python (D:3)
  8 frilled lizards
  8 kobolds
  A quokka skeleton (D:4)
  7 rats
99 creatures vanquished.

Vanquished Creatures (collateral kills)
  2 gnolls (D:2)
2 creatures vanquished.

Vanquished Creatures (others)
  An orc (D:3)
  A giant cockroach (D:3)
  A quokka (D:2)
  A rat (D:2)
4 creatures vanquished.

Grand Total: 105 creatures vanquished

Notes
Turn   | Place    | Note
-------+----------+-------------------------------------------
     0 | D:1      | patrickswayze the Deep Elf Chaos Knight began the quest for the Orb.
     0 | D:1      | Reached XP level 1. HP: 13/13 MP: 3/3
    79 | D:1      | Reached skill level 1 in Stealth
   105 | D:1      | Reached skill level 2 in Stealth
   158 | D:1      | Reached XP level 2. HP: 18/18 MP: 4/4
   162 | D:1      | XOM: butterfly on damage
   391 | D:1      | Reached skill level 3 in Stealth
   719 | D:1      | XOM: noise
   884 | D:1      | XOM: cloud trail
  1202 | D:2      | Reached XP level 3. HP: 22/22 MP: 5/5
  1246 | D:1      | Reached skill level 4 in Stealth
  1276 | D:1      | XOM: scenery: create altars
  1364 | D:2      | XOM: noise
  1383 | D:2      | XOM: summons friendly quasit
  1748 | D:2      | Noticed Ijyb
  1749 | D:2      | Found a white marble altar of Elyvilon.
  1752 | D:2      | Killed Ijyb
  1752 | D:2      | Reached skill level 5 in Stealth
  1752 | D:2      | Reached XP level 4. HP: 27/27 MP: 6/6
  1784 | D:2      | XOM: god gift: fizzy inky potion {god gift}
  1882 | D:2      | Found a shattered altar of Ashenzari.
  2035 | D:2      | Found a runed door.
  2071 | D:2      | Found a basalt altar of Yredelemnul.
  2083 | D:2      | Found a bloodstained altar of Trog.
  2085 | D:2      | Found a snail-covered altar of Cheibriados.
  2085 | D:2      | Found a shimmering altar of Xom.
  2180 | D:2      | Found an iron altar of Okawaru.
  2237 | D:2      | XOM: god gift: hunting sling {god gift}
  2276 | D:2      | XOM: polymorph adder -> hell rat
  2435 | D:3      | Noticed murphy's ghost (weakling MiBe)
  2437 | D:3      | XOM: give mutations
  2437 | D:3      | Gained mutation: You are partially covered in large bone plates. (SH +4) [Xom's grace]
  2437 | D:3      | Gained mutation: You have an increased reservoir of magic. (+10% MP) [Xom's grace]
  2437 | D:3      | Gained mutation: You possess an exceptional clarity of mind. [Xom's grace]
  2437 | D:3      | Gained mutation: You have a pair of small horns on your head. [Xom's grace]
  2572 | D:3      | Reached skill level 1 in Evocations
  2605 | D:3      | Noticed Robin
  2615 | D:3      | XOM: smoke on damage
  2622 | D:3      | Killed Robin
  2622 | D:3      | Reached XP level 5. HP: 24/31 MP: 8/8
  2791 | D:3      | XOM: cast spell 'Summon Small Mammal'
  3161 | D:3      | Killed murphy's ghost
  3161 | D:3      | Reached skill level 3 in Evocations
  3198 | D:3      | Reached skill level 6 in Stealth
  3516 | D:3      | HP: 3/31 [orc/short sword (7)]
  3876 | D:3      | XOM: mild Air miscast
  3982 | D:4      | XOM: divination: detect creatures
  4291 | D:4      | Reached XP level 6. HP: 32/36 MP: 11/11
  4589 | D:4      | XOM: mild Divn miscast
  4718 | D:5      | Entered Level 5 of the Dungeon
  4719 | D:5      | Reached skill level 7 in Stealth
  4720 | D:5      | XOM: medium Erth miscast
  4886 | D:5      | XOM: silly message
  5080 | D:5      | Reached skill level 8 in Stealth
  5112 | D:5      | Found a blossoming altar of Fedhas.
  5280 | D:5      | HP: 6/36 [centaur/arrow (14)]
  5282 | D:5      | Lost mutation: You have a pair of small horns on your head. [potion of cure mutation]
  5282 | D:5      | Lost mutation: You have an increased reservoir of magic. (+10% MP) [potion of cure mutation]
  5282 | D:5      | HP: 1/36 [centaur/arrow (5)]
  5284 | D:5      | XOM: cast spell 'Olgreb's Toxic Radiance'
  5284 | D:5      | Shot with an arrow by a centaur

Vault maps used:
D:1:      kilobyte_arrival_exit_the_forest, minmay_strange_pillars
D:2:      elyvilon_altar_4, minitemple, marbit_many_paths, uniq_iyjb,
          uniq_crazy_yiuf_cottage
D:3:      minmay_roachtagon, first_bread, nrook_uturn, uniq_robin
D:5:      serial_shops, shop, basic_altar, fedhas_bush_and_centaur_altar,
          uniq_menkaure

Action                   |  1- 3 |  4- 6 || total
-------------------------+-------+-------++-------
Melee: Short sword       |    74 |   179 ||   253
       Headbutt          |       |    17 ||    17
 Fire: Blowgun           |       |    18 ||    18
Throw: Stone             |       |     1 ||     1
 Abil: Evoke Berserk Rag |       |     2 ||     2
  Use: Scroll            |     4 |     2 ||     6
       Potion            |       |     7 ||     7
 Stab: Sleeping          |     2 |     7 ||     9
       Paralysed         |       |     2 ||     2
       Confused          |       |     1 ||     1
       Invisible         |       |     1 ||     1
       Petrified         |       |     1 ||     1
  Eat: Chunk             |     2 |    12 ||    14
       Pizza             |       |     1 ||     1
Armor: Leather armour    |    12 |    38 ||    50
Dodge: Dodged            |    38 |    92 ||   130
Block: Other             |       |    23 ||    23
